 Dungeon Crawl Stone Soup version 0.25-a0-667-gb977e01cb5 (webtiles) character file.

Game seed: 1408751510904407694, levelgen mode: deterministic

10 sanka the Vexing (level 2, 0/11 HPs)
             Began as a Felid Wanderer on Mar 27, 2020.
             Killed from afar by a dart slug (4 damage)
             ... with a slug dart
             ... on level 1 of the Dungeon.
             The game lasted 00:01:35 (484 turns).

sanka the Vexing (Felid Wanderer)                    Turns: 484, Time: 00:01:35

Health: 0/11       AC:  1    Str:  8    XL:     2   Next: 10%
Magic:  2/6        EV: 15    Int: 14    God:
Gold:   8          SH:  0    Dex: 14    Spells: 4/5 levels left
                                        Lives:  0   Deaths: 0

rFire    . . .     SeeInvis +     - Unarmed
rCold    . . .     Gourm    .   (shield unavailable)
rNeg     . . .     Faith    .   (armour unavailable)
rPois    .         Spirit   .   (helmet unavailable)
rElec    .         Reflect  .   (cloak unavailable)
rCorr    .         Harm     .   (gloves unavailable)
MR       .....                  (boots unavailable)
Stlth    +++.......             (no amulet)
HPRegen  0.03/turn              (no ring)
MPRegen  0.10/turn              (no ring)

@: quick
A: very small, no armour, no weapons or thrown items, stealth, claws 1, fangs 3,
see invisible, carnivore, speed 1, shaggy fur 1, slow metabolism 1, sharp paws
a: no special abilities


You were on level 1 of the Dungeon.
You were not hungry.

You visited 1 branch of the dungeon, and saw 1 of its levels.

You collected 8 gold pieces.


Innate Abilities, Weirdness & Mutations

You cannot wear armour.
You are incapable of wielding weapons or throwing items.
Your paws allow you to move quietly. (Stealth)
You have sharp claws.
You have razor-sharp teeth.
You have supernaturally acute eyesight. (SInv)
You are carnivorous and can eat meat at any time.
You cover ground quickly.
You are covered in fur. (AC +1)
You have a slow metabolism.
Your sharp claws are effective at attacking unaware monsters.


   Skills:
 - Level 2.6 Stealth
 + Level 1.8 Unarmed Combat
 - Level 2.0 Spellcasting
 - Level 1.0 Conjurations
   Level 4.4 Hexes
   Level 2.0 Necromancy


You had 4 spell levels left.
You knew the following spells:

 Your Spells              Type           Power        Failure   Level  Hunger
z - Magic Dart            Conj           #...         16%         1    ##.....

Your spell library contained the following spells:

 Spells                   Type           Power        Failure   Level  Hunger
 Slow                     Hex            ##......     6%          2    ###....
 Sublimation of Blood     Necr           #.........   16%         2    ###....
 Corpse Rot               Necr/Air       N/A          24%         2    ###....
 Blink                    Tloc           N/A          34%         2    ###....
 Call Imp                 Summ           #.......     34%         2    ###....
 Shroud of Golubria       Chrm/Tloc      #.....       34%         2    ###....
 Conjure Flame            Conj/Fire      #.......     50%         3    ####...
 Mephitic Cloud           Conj/Pois/Air  #.......     54%         3    ####...

Inventory:

Scrolls
 a - a scroll of enchant armour {unknown}
 c - a scroll of teleportation {unknown}
Potions
 b - 2 potions of flight {unknown}
Comestibles
 d - a ration

Dungeon Overview and Level Annotations

Branches:
Dungeon (1/15)

Altars:

.. ▒▒.▒ ...▒ ▒▒..▒▒ ▒....
.B..▒▒▒†.
▒....▒.▒▒▒▒▒▒........
▒▒.▒...........▒.▒▒▒..
▒.....▒▒▒▒▒▒▒.).......
▒...........h.........
▒.....▒▒▒).........w..
▒...▒>....▒▒........▒.
...▒.....▒▒........▒
▒▒▒▒▒▒.▒▒.....▒▒▒.†....▒▒
........▒÷▒............▒
........▒.▒...........▒▒
.......)..▒▒▒▒▒▒▒▒▒▒▒'▒▒▒▒▒+
........▒▒▒ ▒.....▒


You could see a dart slug and a giant cockroach.


Message History

Aim: a frilled lizard (hasn't noticed you)
The magic dart hits the frilled lizard.
You kill the frilled lizard!
A dart slug comes into view.
Items here: " ) [ † a +0 spear a +0 ring mail an uncursed amulet of harm a goblin corpse A dart slug is nearby!
Aiming: Magic Dart (safe; 16% risk of failure)
Aim: a dart slug (hasn't noticed you)
The magic dart hits the dart slug.
The dart slug is moderately wounded.
Aiming: Magic Dart (safe; 16% risk of failure)
Aim: a dart slug (moderately wounded)
The magic dart hits the dart slug.
The dart slug is moderately wounded.
A giant cockroach comes into view.
Aiming: Magic Dart (safe; 16% risk of failure)
Aim: a dart slug (moderately wounded)
The magic dart hits the dart slug.
The dart slug is heavily wounded.
The dart slug launches a dart at you. The slug dart hits you.
Ouch! That really hurt!
* * * LOW HITPOINT WARNING * * *
The dart slug launches a dart at you. The slug dart hits you.
You die...

Action                   || total
-------------------------++-------
Melee: Unarmed           ||    11
 Cast: Magic Dart        ||    23
  Eat: Chunk             ||     2
Dodge: Dodged            ||    14

Levels and vault maps discovered:
D:1:      onia_arrival_pentagram, layout_basic

Notes
Turn   | Place    | Note
-------+----------+-------------------------------------------
     0 | D:1      | sanka the Felid Wanderer began the quest for the Orb.
     0 | D:1      | sanka set off with the following items: a ration; and the
                  | following spell memorised: Magic Dart; and the following
                  | spells available to memorise: Slow, Sublimation of Blood,
                  | Corpse Rot, Blink, Call Imp, Shroud of Golubria, Conjure
                  | Flame, Mephitic Cloud
     0 | D:1      | Reached XP level 1. HP: 7/7 MP: 4/4
   176 | D:1      | Reached skill level 1 in Unarmed Combat
   321 | D:1      | Reached XP level 2. HP: 6/11 MP: 0/6
   484 | D:1      | Killed from afar by a dart slug

Vanquished Creatures
  2 bats (D:1)
  A goblin (D:1)
  A hobgoblin (D:1)
  2 kobolds (D:1)
  2 frilled lizards (D:1)
  2 rats (D:1)
10 creatures vanquished.
